Map: Galactic Process LE

Players

mrSSeda

  • Race: Zerg Zerg
  • League: Platinum

Nickos - Winner!

  • Race: Terran Terran
  • League: Gold

VOD

Have the link to the VOD?

Description

Time

  • Played on: Sept. 29, 2016, 2:22 a.m.
  • Length: 11:25
Show
View Real Time Build Order
Export as new Build Order

mrSSeda Zerg 

Build Orders: Hatch First, Muta Ling Bane 

Get SALT Encoding   

  12  0:01  Drone  
  13  0:09  Drone  
  14  0:20  Extractor  
  14  0:21  Drone, Extractor  
  14  0:22  Drone  
  14  0:27  Overlord  
  16  0:52  Drone, Hatchery  
  16  0:56  Drone  
  17  1:00  Drone  
  18  1:05  Drone  
  19  1:18  Spawning Pool  
  19  1:20  Extractor  
  19  1:22  Drone  
  18  1:30  Drone  
  19  1:38  Drone  
  20  1:49  Overlord  
  20  2:02  Drone  
  20  2:05  Queen x2  
  25  2:09  Zergling x2  
  25  2:15  Drone  
  27  2:17  Drone  
  27  2:21  Metabolic Boost  
  28  2:25  Drone  
  28  2:26  Drone  
  31  2:37  Drone x2  
  31  2:43  Baneling Nest  
  31  2:48  Extractor  
  31  2:50  Queen  
  32  3:06  Drone  
  32  3:07  Drone x3  
  32  3:09  Overlord x2  
  36  3:16  Lair  
  36  3:27  Drone x3  
  36  3:28  Drone x3  
  42  3:38  Spore Crawler  
  41  3:43  Spore Crawler, Drone x3  
  43  3:58  Drone x4  
  43  3:59  Drone x2  
  43  4:02  Extractor  
  48  4:03  Extractor  
  47  4:15  Drone  
  49  4:17  Drone  
  49  4:19  Zergling x6  
  49  4:22  Overlord  
  52  4:39  Hatchery  
  52  4:42  Zergling x8  
  52  4:43  Zergling x2  
  56  4:51  Evolution Chamber x2  
  56  4:52  Drone x4  
  57  5:25  Zergling x6  
  57  5:26  Overlord x2  
  57  5:27  Overlord x3  
  60  5:30  Zerg Missile Weapons Level 1, Zerg Ground Armor Level 1  
  60  5:32  Spire  
  59  5:35  Infestation Pit  
  59  5:38  Baneling x5  
  59  5:39  Baneling x2  
  58  5:53  Drone x7  
  65  6:17  Zergling x2  
  65  6:18  Zergling x14  
  71  6:19  Zergling x2  
  71  6:25  Centrifical Hooks  
  74  6:32  Drone  
  75  6:40  Extractor x2  
  75  6:41  Spore Crawler  
  75  6:42  Baneling x3  
  75  6:43  Baneling x3  
  75  6:45  Drone x3  
  75  6:46  Drone x5  
  79  6:51  Zerg Flyer Weapons Level 1  
  79  7:09  Drone x5  
  79  7:10  Drone x5, Hatchery  
  88  7:19  Zergling x2  
  88  7:20  Zergling x10  
  94  7:31  Zergling x10  
  94  7:33  Overlord  
  99  7:38  Overseer  
  99  7:51  Zergling x6  
  102  8:07  Infestor x3  
  102  8:08  Zerg Missile Weapons Level 2, Infestor  
  102  8:09  Zerg Ground Armor Level 2  
  110  8:13  Drone  
  110  8:14  Drone x3  
  114  8:21  Overseer  
  114  8:22  Mutalisk x2  
  114  8:23  Mutalisk  
  114  8:24  Overlord  
  114  8:25  Overlord x2  
  120  8:42  Queen  
  120  8:43  Mutalisk x3  
  120  8:44  Mutalisk x5  
  105  9:30  Zergling x8  
  105  9:31  Zergling x8  
  107  9:38  Zergling x8  
  83  9:46  Zergling x4  
  68  10:00  Hive  
  63  10:10  Zergling x8  
  65  10:15  Spore Crawler  
  65  10:16  Spore Crawler  
  59  10:26  Zergling x10  
  62  10:33  Infestor x2  
  62  10:34  Infestor  
  67  10:39  Spine Crawler  
  59  10:43  Zergling x2  
  59  10:44  Zergling x2  
Show
View Real Time Build Order
Export as new Build Order

Nickos Terran - Winner!

Build Orders: MMM Bio 

Get SALT Encoding   

  12  0:01  SCV  
  13  0:13  SCV  
  14  0:23  Supply Depot  
  14  0:25  SCV  
  15  0:44  SCV  
  15  0:46  Barracks  
  16  0:57  SCV  
  17  1:09  SCV  
  18  1:21  SCV  
  18  1:23  Command Center  
  19  1:33  Orbital Command  
  19  1:35  Marine  
  20  1:51  Barracks  
  20  1:53  Marine  
  21  2:00  Supply Depot  
  21  2:04  SCV  
  22  2:10  Marine  
  23  2:21  SCV  
  24  2:28  Marine  
  25  2:31  Bunker  
  25  2:32  Refinery, Barracks  
  25  2:33  SCV  
  25  2:34  Refinery  
  26  2:42  Orbital Command  
  26  2:44  Marine  
  26  2:51  SCV  
  28  2:52  Marine  
  29  3:03  SCV  
  30  3:09  SCV  
  31  3:15  SCV  
  31  3:17  Marine  
  35  3:21  SCV  
  35  3:26  Barracks Tech Lab  
  35  3:27  SCV  
  35  3:28  Barracks Reactor  
  36  3:34  SCV  
  36  3:39  SCV  
  36  3:41  Barracks Reactor, Supply Depot  
  37  3:46  SCV  
  38  3:50  Factory  
  38  3:51  SCV  
  39  3:58  SCV  
  39  4:01  Marine  
  41  4:03  SCV  
  41  4:07  Marine x2  
  44  4:10  SCV  
  44  4:11  Supply Depot, Stimpack  
  45  4:17  SCV  
  45  4:18  Marine x3  
  45  4:22  SCV  
  50  4:25  Marine  
  50  4:26  Engineering Bay  
  50  4:27  Engineering Bay  
  50  4:29  SCV  
  52  4:33  Marine  
  52  4:34  Supply Depot x2, SCV  
  52  4:36  Marine  
  55  4:38  Marine x2  
  55  4:39  Factory Reactor  
  55  4:41  Starport, SCV  
  55  4:44  Marine  
  59  4:46  SCV  
  59  4:50  Marine  
  61  4:53  SCV  
  61  4:55  Terran Infantry Weapons Level 1  
  61  4:57  Refinery  
  62  5:04  Supply Depot  
  62  5:12  Command Center  
  62  5:13  Supply Depot  
  62  5:15  Terran Infantry Armor Level 1  
  61  5:23  Marine x4  
  61  5:28  Barracks  
  65  5:29  Marine  
  65  5:30  SCV x2  
  65  5:34  Supply Depot  
  68  5:37  Armory  
  68  5:42  SCV x2  
  70  5:45  Marine x4  
  70  5:48  Medivac  
  77  5:57  SCV x2  
  78  6:08  Marine x3  
  78  6:09  SCV x2, Marine x2  
  78  6:10  Medivac  
  87  6:15  Combat Shields  
  87  6:21  SCV x2  
  87  6:23  Supply Depot  
  87  6:25  Supply Depot  
  89  6:26  Liberator, Orbital Command  
  89  6:27  Supply Depot  
  89  6:34  SCV x2  
  91  6:42  Marauder  
  91  6:45  Marine x4  
  91  6:46  SCV  
  100  6:54  Medivac  
  100  6:56  Barracks Reactor  
  100  6:57  Barracks Tech Lab  
  102  7:02  Marine  
  102  7:03  Marine  
  102  7:04  Barracks  
  102  7:05  Barracks  
  104  7:15  Marine x2  
  104  7:16  Marine  
  104  7:17  Liberator  
  104  7:19  Liberator, Marauder  
  109  7:32  Marine x2  
  109  7:34  Marauder  
  119  7:40  Marauder  
  121  7:48  Marine x2  
  121  7:50  Marine  
  124  7:54  Barracks Tech Lab  
  124  7:55  Barracks Tech Lab, Marauder  
  126  8:01  Marauder  
  126  8:04  Marine  
  127  8:05  Marine  
  127  8:06  Marine  
  127  8:10  SCV x3  
  132  8:16  Refinery, Marauder x2  
  132  8:17  Marauder  
  138  8:22  Barracks, SCV  
  138  8:23  Marauder  
  141  8:29  Barracks  
  141  8:59  Marine  
  141  9:00  Marauder  
  141  9:07  Marine x2  
  141  9:08  Marine  
  141  9:09  Barracks, Marauder x3  
  126  9:15  Medivac x2  
  129  9:17  Marine  
  129  9:21  Marine  
  129  9:25  Marine x3  
  129  9:29  Marine x2  
  129  9:30  Marine  
  135  9:35  Barracks Tech Lab, Marine  
  135  9:36  Barracks Tech Lab  
  129  9:39  Marine  
  129  9:43  Marine x3  
  129  9:45  Medivac x2  
  131  9:47  Marine x3  
  134  9:53  Marine  
  134  9:54  SCV x3  
  134  9:56  Marine  
  139  10:00  Marine x2  
  141  10:20  SCV, Marine  
  141  10:23  Marine x2  
  141  10:24  Barracks  
  141  10:25  Barracks  
  141  10:27  Barracks  
  141  10:40  Marine x2  
  141  10:43  Marine, SCV  
  141  10:45  Marine x5  
  141  10:46  Marine x2  
  141  10:47  Supply Depot  
  141  10:49  Supply Depot  
  154  10:51  Marine  
  155  10:58  Marine x2  
  155  11:01  Marine  
  155  11:03  Marine x5  
  155  11:04  Marine x2  
  166  11:16  Supply Depot  
  166  11:17  Supply Depot  
  170  11:18  Barracks Reactor  
  170  11:19  Barracks Reactor  
  170  11:22  Refinery  
  178  11:25  Refinery  
Tags
 
Add a new tag
Caveats
  • Supply blocks, unpowered buildings, or Contaminate may cause inaccurate times.
  • Supply counts are checked every 10 seconds.